 Dungeon Crawl Stone Soup version 0.28-b1-25-g9875b3fc8c (webtiles) character file.

Game seed: 7857416652898790121

42 lordive the Conjurer (level 3, -1/19 HPs)
             Began as a Tengu Conjurer on Jan 31, 2022.
             Succumbed to an adder's poison
             ... on level 2 of the Dungeon.
             The game lasted 00:01:09 (1117 turns).

lordive the Conjurer (Tengu Conjurer)               Turns: 1117, Time: 00:01:09

Health: -1/19      AC:  2    Str:  7    XL:     3   Next: 56%
Magic:  3/7        EV: 12    Int: 20    God:
Gold:   126        SH:  0    Dex: 12    Spells: 3/6 levels left

rFire   . . .      SeeInvis .   (no weapon)
rCold   . . .      Faith    .   (no shield)
rNeg    . . .      Spirit   .   a - +0 robe
rPois   .          Reflect  .   (helmet restricted)
rElec   .          Harm     .   (no cloak)
rCorr   .          Rampage  .   (no gloves)
Will    .....                   (boots unavailable)
Stlth   ++........              (no amulet)
HPRegen 0.06/turn               (no ring)
MPRegen 0.10/turn               (no ring)

@: lethally poisoned (-1 -> -18), invisible
A: beak, talons 3
a: no special abilities


You were on level 2 of the Dungeon.
You visited 1 branch of the dungeon, and saw 2 of its levels.

You collected 126 gold pieces.

Inventory:

Armour
 a - a +0 robe (worn)
 g - a +0 leather armour
Scrolls
 e - 2 scrolls of identify {unknown}
Potions
 c - a potion of might {unknown}
 d - 2 potions of curing {unknown}
 f - a potion of degeneration {unknown}


   Skills:
 + Level 2.2 Dodging
 + Level 2.1 Stealth
 + Level 2.3 Spellcasting
 + Level 6.0 Conjurations
 * Level 2.0 Summonings


You had 3 spell levels left.
You knew the following spells:

 Your Spells              Type           Power      Damage    Failure   Level
a - Magic Dart            Conj           100%       1d8       1%          1
b - Searing Ray           Conj           52%        2d6       1%          2

Your spell library contained the following spells:

 Spells                   Type           Power      Damage    Failure   Level
 Dazzling Flash           Conj/Hex       28%        N/A       13%         3
 Fulminant Prism          Conj/Hex       7%         3d7       41%         4
 Iskenderun's Mystic Bla  Conj/Tloc      14%        2d5       41%         4


Dungeon Overview and Level Annotations

Branches:
Dungeon (2/15)

Altars:


Innate Abilities, Weirdness & Mutations

You have a beak for a mouth.
You have claws for feet.


Message History

You kill the bat!
You can't see any susceptible monsters within range! (Use Z to cast anyway.)
You see here a giant cockroach corpse.
An adder comes into view.
The adder hisses angrily.
The adder bites you.
You are poisoned.
The adder poisons you!
An adder is nearby!
An adder is nearby!
An adder is nearby!
An adder is nearby!
The magic dart hits the adder.
The adder is heavily wounded.
You feel sick. The adder barely misses you.
The magic dart hits the adder.
The adder is severely wounded.
You feel sick. The adder bites you.
You are more poisoned.
The adder poisons you!
The magic dart hits the adder.
The adder is almost dead.
You feel sick. The adder bites you.
You are lethally poisoned!
The adder poisons you! The adder bites you.
You are more poisoned.
The adder poisons you!
Casting: Magic Dart (safe; 1% risk of failure)
Confirm with . or Enter, or press ? or * to list all spells.
Aiming: Magic Dart (safe; 1% risk of failure)
Press: ? - help, Shift-Dir - straight line, f/p - adder
Aim: an adder (almost dead, 100% to hit)
The magic dart hits the adder.
You kill the adder!
* * * LOW HITPOINT WARNING * * *
You feel very sick.
Your Summonings skill increases to level 2!
It was a potion of invisibility.
You fade into invisibility!
You die...

#################### +.
+.†.................
##...#†###...............
..........#.##############
##......#@#.#
......###†#.# ###### ....#
.#.### # ..... .. ## #.#
## #.# #.#


There were no monsters in sight!

Vanquished Creatures
  2 adders (D:2)
  A dart slug (D:1)
  A ball python (D:1)
  2 giant cockroaches
  A goblin (D:1)
  A hobgoblin (D:2)
  4 kobolds (D:1)
  2 quokkas (D:1)
  3 bats
  2 frilled lizards (D:1)
  6 rats
25 creatures vanquished.

Notes
Turn   | Place    | Note
-------+----------+-------------------------------------------
     0 | D:1      | lordive the Tengu Conjurer began the quest for the Orb.
     0 | D:1      | Reached XP level 1. HP: 10/10 MP: 4/4
   244 | D:1      | Reached XP level 2. HP: 15/15 MP: 3/6
   320 | D:1      | Learned a level 2 spell: Searing Ray
   468 | D:1      | Reached skill level 1 in Summonings
   934 | D:2      | Reached skill level 6 in Conjurations
   934 | D:2      | Reached XP level 3. HP: 19/19 MP: 1/7
  1117 | D:2      | Succumbed to an adder's poison

Illustrated notes

Levels and vault maps discovered:
D:1:      erik_arrival_orb_chamber, layout_rooms, columned_hall_lemuel
D:2:      layout_basic, shapermc_ecumenical_altar_acropolis

Skill      XL: |  1  2  3 |
---------------+----------+-----
Summonings     | 1 2 |  2.0
Conjurations   | 6 |  6.0
Dodging        | |  2.2
Stealth        | |  2.1
Spellcasting   | |  2.3

Action                   || total
-------------------------++-------
 Cast: Magic Dart        ||    44
  Use: Potion            ||     1
Armor: Robe              ||     2
Dodge: Dodged            ||     5
